 Dungeon Crawl Stone Soup version 0.29-a0-870-g2c972031a6 (webtiles) character file.

Game seed: 18209865922656281496

2579 Nato the Transmogrifier (level 9, -1/58 HPs)
             Began as an Octopode Transmuter on July 17, 2022.
             Slain by a wight
             ... wielding a +0 great sword
              (11 damage)
             ... on level 6 of the Dungeon.
             The game lasted 00:25:10 (11602 turns).

Nato the Transmogrifier (Octopode Transmuter)      Turns: 11602, Time: 00:25:10

Health: -1/58      AC: -14   Str: 13    XL:     9   Next: 58%
Magic:  9/12       EV: 21    Int: 16    God:
Gold:   375        SH:  0    Dex: 17    Spells: 2/12 levels left

rFire   . . .      SeeInvis +     - Unarmed
rCold   . . .      Faith    .   (shield currently unavailable)
rNeg    . . .      Spirit   .   (helmet currently unavailable)
rPois   x          Reflect  .   e - amulet of regeneration
rElec   .          Harm     .   x - ring of see invisible
rCorr   .          Rampage  .   (no ring)
Will    .....                   (no ring)
Stlth   ++........              (no ring)
HPRegen 0.99/turn               (no ring)
MPRegen 0.13/turn               (no ring)
                                (no ring)
                                (no ring)

@: spider-form, wereblooded, corroded
A: venomous fangs, almost no armour, (amphibious), 8 rings, tiny, (camouflage
1), (gelatinous body 1), (nimble swimmer 1), (tentacles)
a: End Transformation


You were on level 6 of the Dungeon.
You were a venomous arachnid creature.
You visited 1 branch of the dungeon, and saw 7 of its levels.

You collected 375 gold pieces.

Inventory:

Missiles
 d - 3 throwing nets
 z - a curare-tipped dart (quivered)
Armour
 s - the +8 plate armour of Lugonu's Whim {rF++ Dex+3}
   (You found it on level 3 of the Dungeon)

   Dex:       It affects your dexterity (+3).
   rF:        It greatly protects you from fire.
Jewellery
 e - an amulet of regeneration (around neck)
 x - a ring of see invisible (left front leg)
Wands
 p - a wand of acid (17)
Scrolls
 c - a scroll of summoning {unknown}
 l - a scroll of magic mapping {unknown}
 o - 2 scrolls of fear {unknown}
 q - a scroll of blinking {unknown}
 r - 2 scrolls of teleportation {unknown}
 u - a scroll of enchant weapon {unknown}
 v - a scroll of brand weapon {unknown}
 y - 3 scrolls of poison
Potions
 a - a potion of lignification
 b - 2 potions of flight
 f - a potion of resistance {unknown}
 g - a potion of cancellation {unknown}
 h - 2 potions of degeneration {unknown}
 j - 4 potions of curing
 k - 2 potions of might
 m - a potion of brilliance {unknown}
 t - a potion of heal wounds {unknown}
 w - a potion of ambrosia {unknown}


   Skills:
 - Level 4.0 Fighting
 - Level 4.0 Dodging
 - Level 4.0 Unarmed Combat
 - Level 2.0 Spellcasting
 * Level 10.6 Transmutations
 + Level 3.7 Ice Magic
 - Level 1.0 Poison Magic


You had 2 spell levels left.
You knew the following spells:

 Your Spells              Type           Power      Damage    Failure   Level
a - Beastly Appendage     Tmut           70%        N/A       2%          1
b - Wereblood             Tmut           35%        N/A       3%          2
c - Spider Form           Tmut/Pois      20%        N/A       17%         3
d - Ice Form              Ice/Tmut       24%        N/A       26%         4

Your spell library contained the following spells:

 Spells                   Type           Power      Damage    Failure   Level
 Necrotise                Necr           4%         1d4       41%         1
 Vampiric Draining        Necr           1%         2d6       73%         3
 Agony                    Necr           1%         N/A       100%        5


Dungeon Overview and Level Annotations

Branches:
Dungeon (7/15)
 Temple: D:4-7

Altars:
Okawaru
Qazlal
Wu Jian

Shops:
D:2 [

Annotations:
D:6 2 runed translucent doors, zhov's ghost, novice DEHu


Innate Abilities, Weirdness & Mutations

You are a venomous arachnid creature.
You have poisonous fangs.
You are tiny and dextrous.
Your spellcasting is less reliable in this form.
Your armour is entirely melded.
You are incapable of wielding weapons or throwing items.
You cannot wear most types of armour.
((You are amphibious.))
You can wear up to eight rings at the same time.
((Your skin changes colour to match your surroundings (Stealth+).))
((Your rubbery body absorbs attacks. (AC +1, EV +1)))
((You are camouflaged when in or above water. (Stealth+)))
((You have tentacles for arms and can constrict up to eight enemies at once.))


Message History

Casting: Spider Form (dangerous; 6% risk of failure)
Confirm with . or Enter, or press ? or * to list all spells.
You turn into a venomous arachnid creature.
No reachable target in view!
No reachable target in view!
A wight comes into view. It is wielding a +0 great sword.
The wight moves out of view.
A jelly comes into view.
Casting: Spider Form (dangerous; 17% risk of failure)
Confirm with . or Enter, or press ? or * to list all spells.
Your blood is infused with primal strength.
The jelly quivers.
You hit the jelly. The acid corrodes you!
Your front legs burn!
The jelly is lightly wounded.
The jelly hits you. The acid corrodes you!
You are splashed with acid!
You hit the jelly. The acid corrodes you!
Your front legs burn!
The jelly is lightly wounded.
The jelly hits you.
You are splashed with acid!
You hit the jelly but do no damage.
The jelly is poisoned.
Your front legs burn!
The jelly is lightly wounded.
The jelly completely misses you.
You hit the jelly but do no damage. The acid corrodes you!
Your front legs burn!
The jelly is lightly wounded.
The jelly completely misses you.
You bite the jelly! The acid corrodes you!
Your front legs burn!
The jelly is almost dead.
You hit the jelly.
Your front legs burn!
The jelly is almost dead.
The jelly misses you.
You hit the wight but do no damage. The wight misses you.
The jelly completely misses you.
You barely miss the wight.
You feel a bit better.
You kill the jelly!
The wight hits you with a +0 great sword!!
* * * LOW HITPOINT WARNING * * *
You hit the wight but do no damage.
The wight hits you with a +0 great sword!
You die...

#####...##....##...
#...##...######.>.. #
....##............
..# #..###.....)...)
#..[##...####.......
##........####...
##..Y##...####.......
#..###..###....).....
#..sz.##.........#..
##...##...######.#..
#####...##....####.
#...##.##..#...
##...###...#...
##.......##...
###...####... #####
##... #....


You could see a wight.

Vanquished Creatures
  Eustachio (D:4)
  Menkaure (D:6)
  An orc warrior (D:6)
  2 black bears
  An ice beast (D:6)
  3 ogres
  A centaur (D:7)
  3 phantoms
  A kobold brigand (D:4)
  Blork the orc (D:5)
  A bullfrog (D:6)
  5 wights (D:6)
  3 howler monkeys
  3 hounds
  4 jellies
  An orc priest (D:6)
  2 gnoll boudas (D:4)
  2 orc wizards (D:6)
  Robin (D:4)
  4 adders
  26 gnolls
  An ufetubus (D:6)
  A dart slug (D:1)
  28 orcs
  7 bats
  9 endoplasms
  5 giant cockroaches
  15 goblins
  10 hobgoblins
  15 jackals
  3 quokkas
  8 ball pythons
  5 frilled lizards
  9 kobolds
  3 rats
186 creatures vanquished.

Vanquished Creatures (others)
  6 plants (D:4)
6 creatures vanquished.

Grand Total: 192 creatures vanquished

Notes
Turn   | Place    | Note
-------+----------+-------------------------------------------
     0 | D:1      | Nato the Octopode Transmuter began the quest for the Orb.
     0 | D:1      | Reached XP level 1. HP: 13/13 MP: 3/3
   222 | D:1      | Reached XP level 2. HP: 5/18 MP: 5/5
  1310 | D:1      | Reached XP level 3. HP: 23/23 MP: 4/6
  1548 | D:1      | Found a faded altar of an unknown god.
  2272 | D:2      | Learned a level 2 spell: Wereblood
  2374 | D:2      | Reached skill level 3 in Transmutations
  2374 | D:2      | Reached XP level 4. HP: 26/29 MP: 7/7
  2405 | D:2      | Found Xopuod's Antique Armour Boutique.
  3470 | D:3      | Found a stormy altar of Qazlal.
  3653 | D:3      | Reached XP level 5. HP: 25/34 MP: 6/8
  3839 | D:3      | Identified the +8 plate armour of Lugonu's Whim {rF++
                  | Dex+3}
  4063 | D:4      | Noticed an ogre
  4165 | D:4      | Noticed an ogre
  4180 | D:5      | Entered Level 5 of the Dungeon
  4317 | D:4      | Noticed a black bear
  4330 | D:4      | Noticed a phantom
  4362 | D:5      | Reached skill level 4 in Transmutations
  4385 | D:5      | Learned a level 3 spell: Spider Form
  4541 | D:5      | Noticed a black bear
  4552 | D:5      | Killed a black bear
  4553 | D:5      | Reached XP level 6. HP: 10/41 MP: 5/9
  4709 | D:5      | Found an iron altar of Okawaru.
  4776 | D:5      | Noticed Blork the orc
  4792 | D:5      | Killed Blork the orc
  4793 | D:5      | Reached skill level 1 in Poison Magic
  5136 | D:5      | Reached XP level 7. HP: 46/46 MP: 10/10
  5155 | D:5      | Reached skill level 5 in Transmutations
  5220 | D:5      | Found an ornate altar of the Wu Jian Council.
  5910 | D:4      | Reached skill level 6 in Transmutations
  6325 | D:4      | Reached XP level 8. HP: 47/54 MP: 11/11
  6469 | D:4      | Reached skill level 7 in Transmutations
  6526 | D:4      | Noticed Robin
  7132 | D:4      | Noticed Eustachio
  7145 | D:4      | Killed Eustachio
  7146 | D:4      | Reached skill level 8 in Transmutations
  7152 | D:4      | Killed Robin
  7758 | D:4      | Reached skill level 9 in Transmutations
  7905 | D:4      | Learned a level 4 spell: Ice Form
  9258 | D:6      | Reached skill level 1 in Ice Magic
  9266 | D:6      | Reached XP level 9. HP: 40/58 MP: 9/12
  9690 | D:6      | Noticed Menkaure
  9753 | D:6      | Reached skill level 10 in Transmutations
  9923 | D:6      | Killed Menkaure
  9988 | D:6      | HP: 1/58 [orc warrior/+0 long sword (8)]
 11064 | D:6      | Found a runed translucent door.
 11064 | D:6      | Noticed zhov's ghost (novice DEHu)
 11081 | D:6      | Found a runed translucent door.
 11602 | D:6      | Slain by a wight

Illustrated notes

Levels and vault maps discovered:
D:1:      dpeg_arrival_houses_and_road, layout_loops_corners,
          hellmonk_ecumenical_altar_slurped_away, chequers_serial_rivers_room_a,
          minmay_misc_feat_nine_boxes, dreamdust_wishing_well, minivault_11,
          minmay_heptomino_h4
D:2:      layout_loops_cross, serial_shops, nicolae_shop_crystal, minivault_25
D:3:      layout_loops_ring, overflow_temple_1_default
D:4:      lemuel_castle_with_subvaults [lemuel_castle_interior_carwin_1],
          layout_basic, uniq_eustachio, uniq_robin
D:5:      layout_basic, kennysheep_mini_moat, mainiacjoe_overflow_boulevard,
          chequers_serial_rivers_marsh, uniq_blork_the_orc
D:6:      layout_rooms, ebering_ghost_sewer_f, minmay_puff, uniq_menkaure
D:7:      layout_basic, temple_green, enter_bailey_2, serial_glass,
          glass_columns_a, glass_columns_b, glass_columns_b, uniq_pikel

Skill      XL: |  1  2  3  4  5  6  7  8  9 |
---------------+----------------------------+-----
Transmutations | 3 4 6 9 10 | 10.6
Fighting       | 2 3 4 |  4.0
Dodging        | 3 4 |  4.0
Unarmed Combat | 4 |  4.0
Poison Magic   | 1 |  1.0
Ice Magic      | 1 3 |  3.7
Spellcasting   | |  2.0

Action                   |  1- 3 |  4- 6 |  7- 9 || total
-------------------------+-------+-------+-------++-------
Melee: Unarmed           |    91 |    83 |   431 ||   605
       Tentacles         |    16 |    15 |    21 ||    52
       Constrict         |    25 |    20 |    18 ||    63
       Kick              |    29 |    24 |    27 ||    80
       Punch             |     2 |     4 |     2 ||     8
 Cast: Beastly Appendage |    28 |    27 |    14 ||    69
       Wereblood         |       |     6 |     8 ||    14
       Spider Form       |       |     1 |    54 ||    55
Evoke: Wand              |       |     1 |       ||     1
  Use: Scroll            |       |       |     5 ||     5
 Stab: Sleeping          |    11 |     4 |     1 ||    16
       Distracted        |       |       |     1 ||     1
Armor: Skin              |     6 |     2 |    10 ||    18
Dodge: Dodged            |    42 |    46 |   365 ||   453

Table legend: (Time is in decaauts)
 A = Elapsed time spent in this place.
 B = Non-inter-level travel time spent in this place.
 C = Inter-level travel time spent in this place.
 D = Time resting spent in this place.
 E = Time spent auto-exploring this place.
 F = Levels seen in this place.
 G = Mean time per level.
                   A        B        C        D        E       F      G
               +--------+--------+--------+--------+--------+-----+--------+
         Total |  11580 |  10474 |   1106 |   4612 |   3886 |   7 | 1654.3 |
       Dungeon |  11580 |  10474 |   1106 |   4612 |   3886 |   7 | 1654.3 |
               +--------+--------+--------+--------+--------+-----+--------+

Top non-repeatable levels by time:
     D:6: 2712 daAuts
     D:5: 2380 daAuts
     D:4: 2139 daAuts
     D:1: 1939 daAuts
     D:2: 1222 daAuts
     D:3: 1171 daAuts
     D:7: 14 daAuts
